 Dungeon Crawl Stone Soup version 0.26-a0-958-gf3041fb45f (webtiles) character file.

Game seed: 6358458833305743358

5537 miscthings the Prestidigitator (level 10, -4/63 HPs)
             Began as a Mummy Ice Elementalist on Dec 1, 2020.
             Was an Initiate of Gozag.
             Slain by a wolf (12 damage)
             ... on level 10 of the Dungeon.
             The game lasted 00:17:44 (8918 turns).

miscthings the Prestidigitator (MuIE)               Turns: 8918, Time: 00:17:45

Health: -4/63      AC:  2    Str: 16    XL:     10   Next: 43%
Magic:  1/19       EV: 12    Int: 17    God:    Gozag
Gold:   1287       SH:  0    Dex: 16    Spells: 6/21 levels left

rFire    x . .     SeeInvis .   m - +5 quarterstaff "Avydit" {drain, *Contam rElec Str+3 Dex+4}
rCold    + . .     Faith    .   (shield currently unavailable)
rNeg     + + +     Spirit   .   a - +0 robe
rPois    ∞         Reflect  .   (no helmet)
rElec    +         Harm     .   d - scarf {+Inv}
rCorr    .         Rampage  .   (no gloves)
MR       +....                  (no boots)
Stlth    ++........             (no amulet)
HPRegen  0.20/turn              s - ring of flight
MPRegen  0.16/turn              (no ring)

@: frozen ramparts
A: no potions, fire vulnerability, cold resistance 1, negative energy resistance
3, torment resistance, unbreathing
a: Potion Petition, Call Merchant, Bribe Branch, Renounce Religion, Evoke
Invisibility, Evoke Flight


You were on level 10 of the Dungeon.
You worshipped Gozag.
Gozag was most pleased with you.
You visited 2 branches of the dungeon, and saw 11 of its levels.

You collected 1365 gold pieces.
You paid 78 gold pieces to Gozag.

Inventory:

Hand Weapons
 k - a +2 short sword of electrocution
 m - the +5 quarterstaff "Avydit" (weapon) {drain, *Contam rElec Str+3 Dex+4}
   (You found it on level 4 of the Dungeon)

   A truly terrible weapon, it drains the life of those it strikes.
   It affects your strength (+3).
   It affects your dexterity (+4).
   It insulates you from electricity.
   It causes magical contamination when unequipped.
Missiles
 t - 2 throwing nets
Armour
 a - a +0 robe (worn)
 d - a scarf of invisibility (worn)
 f - a +0 cloak
Jewellery
 o - an uncursed ring of fire
 s - a ring of flight (left hand)
Wands
 i - a wand of random effects (16)
 q - a wand of enslavement (6)
 r - a wand of flame (6)
 u - a wand of paralysis (8)
Scrolls
 b - a scroll of identify {@r1}
 c - 2 scrolls of amnesia
 e - a scroll of teleportation
 g - a scroll of fog
 h - 4 scrolls of remove curse
 j - a scroll of immolation
 n - 2 scrolls of magic mapping {unknown}
 p - 2 scrolls of enchant armour {unknown}


   Skills:
 - Level 1.5 Dodging
 - Level 1.5 Stealth
 - Level 6.0 Spellcasting
 - Level 5.0 Summonings
 - Level 8.0 Ice Magic
 * Level 9.0 Evocations


You had 6 spell levels left.
You knew the following spells:

 Your Spells              Type           Power        Failure   Level
a - Frozen Ramparts       Ice            ####..       1%          3
b - Freeze                Ice            ####         1%          1
c - Hailstorm             Conj/Ice       ###.....     24%         4
d - Summon Ice Beast      Ice/Summ       ####....     9%          4
e - Ozocubu's Armour      Ice            ####....     1%          3

Your spell library contained the following spells:

 Spells                   Type           Power        Failure   Level
 Ensorcelled Hibernation  Hex/Ice        ###...       3%          2
 Corona                   Hex            #......      13%         1
 Shock                    Conj/Air       #...         13%         1
 Corpse Rot               Necr/Air       N/A          19%         2
 Swiftness                Air            #.......     19%         2
 Confusing Touch          Hex            #.......     36%         3
 Dazzling Flash           Conj/Hex       #.....       36%         3
 Static Discharge         Conj/Air       #.......     36%         3
 Tukima's Dance           Hex            #.......     36%         3
 Airstrike                Air            #.........   77%         4
 Dispel Undead            Necr           #.......     77%         4
 Agony                    Necr           #.......     98%         5
 Excruciating Wounds      Necr           #.........   98%         5
 Lightning Bolt           Conj/Air       #.........   98%         5
 Sublimation of Blood     Necr           Unusable     N/A         2

Dungeon Overview and Level Annotations

Branches:
Dungeon (10/15)            Temple (1/1) D:5
   Lair: D:8-11         Orc: D:9-12

Altars:
Ashenzari
Cheibriados
Dithmenos
Elyvilon
Fedhas
Gozag
Hepliaklqana
Kikubaaqudgha
Makhleb
Nemelex Xobeh
Okawaru
Qazlal
Ru
Sif Muna
Trog
Uskayaw
Vehumet
Wu Jian
Xom
Yredelemnul
Zin
The Shining One


Innate Abilities, Weirdness & Mutations

You do not drink.
Your flesh is vulnerable to fire.
You are immune to poison.
Your flesh is cold resistant. (rC+)
You are immune to negative energy. (rN+++)
You are immune to unholy pain and torment.
You can survive without breathing.


Message History

Press: ? - help, Dir - look around
Okay, then.
As you read the scroll of teleportation, it crumbles to dust.
You feel strangely unstable.
The howler monkey hoots and howls with incredible vigour!
Something shouts, "Scamper home, thou euchred half-faced lout!"
You hear a shout!
The wolf howls!
Casting: Frozen Ramparts (safe; 1% risk of failure)
Confirm with . or Enter, or press ? or * to list all spells.
Casting: Frozen Ramparts (safe; 1% risk of failure)
Press: ? - help, Dir - look around The walls around you are covered in ice.
The wolf howls!
You barely miss the wolf.
The wolf is moderately wounded.
Your surroundings seem slightly different.
The white imp shouts!
The wall freezes the wolf.
The wolf bites you!
You die...
Your body crumbles into a pile of gold.

.........# ........#####
........##..## #####..........#
##..##..........#
#..5.......5h..##
#..$.......h...##
######..........#
#...##.....@h.(§#
######...+........$$##
.....##..##..5..##$$###
.....##..##.....##....###########
.)...###'##....h.................
.....'........O..................
.....#..........##..)............
...####..##...h.###....≈...≈≈..≈.
###########.h...##....≈≈.≈.≈≈≈...


You could see an ogre, 3 wolves, 2 howler monkeys, a white imp and a shadow imp.

Vanquished Creatures
  A two-headed ogre (D:8)
  The ghost of hotbaconsauce2 the Cleaver, a novice HOFi of Okawaru (D:6)
  A kobold demonologist (D:6)
  A troll (D:10)
  An orc warrior (D:9)
  An ice beast (D:7)
  A black bear (D:6)
  2 sky beasts
  3 ogres
  4 centaurs
  11 big kobolds
  4 bullfrogs
  A wyvern skeleton (D:8)
  2 scorpions
  9 killer bees
  An electric eel (D:10)
  4 wights (D:9)
  3 hounds
  4 jellies
  4 orc priests
  A bullfrog skeleton (D:7)
  An iguana (D:5)
  5 orc wizards
  Jessica (D:2)
  Terence (D:2)
  4 worker ants
  4 gnolls (D:3)
  8 adders
  A shadow imp (D:6)
  7 white imps
  An adder zombie (D:9)
  4 adder skeletons
  A worm (D:3)
  A dart slug (D:3)
  2 leopard geckos
  28 orcs
  4 bats
  6 giant cockroaches
  8 goblins
  4 hobgoblins
  10 jackals
  7 quokkas
  A ball python (D:1)
  7 frilled lizards
  16 kobolds
  9 rats
201 creatures vanquished.

Vanquished Creatures (collateral kills)
  A troll (D:9)
  An ice beast (D:6)
  A wyvern zombie (D:9)
  A howler monkey (D:10)
  4 hounds (D:10)
  A leopard gecko (D:7)
9 creatures vanquished.

Vanquished Creatures (others)
  A quokka (D:8)
  2 fungi (D:6)
  2 plants (D:6)
5 creatures vanquished.

Grand Total: 215 creatures vanquished

Notes
Turn   | Place    | Note
-------+----------+-------------------------------------------
     0 | D:1      | miscthings the Mummy Ice Elementalist began the quest for
                  | the Orb.
     0 | D:1      | Reached XP level 1. HP: 13/13 MP: 4/4
   313 | D:1      | Reached XP level 2. HP: 19/19 MP: 4/6
   761 | D:2      | Noticed Terence
   847 | D:2      | Found a hide-covered altar of Uskayaw.
   851 | D:2      | Found an ancient bone altar of Kikubaaqudgha.
  1245 | D:2      | Reached XP level 3. HP: 18/24 MP: 4/8
  1246 | D:2      | Noticed Jessica
  1270 | D:2      | Killed Jessica
  1283 | D:2      | Learned a level 3 spell: Frozen Ramparts
  1504 | D:2      | Killed Terence
  1505 | D:2      | Reached XP level 4. HP: 10/30 MP: 3/10
  2052 | D:3      | Reached XP level 5. HP: 32/35 MP: 4/12
  2054 | D:3      | Reached skill level 5 in Spellcasting
  2524 | D:4      | Noticed an ogre
  2578 | D:4      | Killed an ogre
  2579 | D:4      | Reached XP level 6. HP: 33/41 MP: 6/14
  2617 | D:4      | Reached skill level 5 in Ice Magic
  2625 | D:4      | Got a smoking quarterstaff
  2626 | D:4      | Identified the +5 quarterstaff "Avydit" {drain, *Contam
                  | rElec Str+3 Dex+4} (You found it on level 4 of the Dungeon)
  2635 | D:4      | Learned a level 4 spell: Summon Ice Beast
  2639 | D:4      | Learned a level 3 spell: Ozocubu's Armour
  2644 | D:4      | Learned a level 4 spell: Hailstorm
  2771 | D:4      | Reached skill level 1 in Summonings
  2824 | D:4      | Reached XP level 7. HP: 4/46 MP: 12/16
  3398 | D:5      | Entered Level 5 of the Dungeon
  3509 | D:5      | Found a shimmering blue altar of Sif Muna.
  3536 | D:5      | Found a staircase to the Ecumenical Temple.
  3551 | Temple   | Entered the Ecumenical Temple
  3598 | Temple   | Became a worshipper of Gozag Ym Sagoz the Greedy
  4142 | D:6      | Reached skill level 1 in Evocations
  4190 | D:6      | Reached XP level 8. HP: 20/52 MP: 7/17
  4416 | D:6      | Found a shimmering altar of Xom.
  4418 | D:6      | Found a broken altar of Ashenzari.
  4420 | D:6      | Found a basalt altar of Yredelemnul.
  4420 | D:6      | Found a glowing golden altar of the Shining One.
  4420 | D:6      | Found a burning altar of Makhleb.
  4420 | D:6      | Found an iron altar of Okawaru.
  4421 | D:6      | Found a blossoming altar of Fedhas.
  4471 | D:6      | Reached skill level 2 in Evocations
  4529 | D:6      | Found a runed translucent gate.
  4529 | D:6      | Found a runed translucent gate.
  4529 | D:6      | Found a runed translucent gate.
  4530 | D:6      | Noticed a kobold demonologist
  4530 | D:6      | Noticed hotbaconsauce2's ghost (novice HOFi)
  4887 | D:6      | Killed hotbaconsauce2's ghost
  4888 | D:6      | Reached skill level 5 in Summonings
  4888 | D:6      | Reached skill level 3 in Evocations
  4922 | D:6      | Reached skill level 4 in Evocations
  4941 | D:6      | Reached XP level 9. HP: 23/57 MP: 3/18
  5068 | D:6      | Killed a kobold demonologist
  5092 | D:6      | Reached skill level 5 in Evocations
  5665 | D:7      | Found a shadowy altar of Dithmenos.
  5729 | D:7      | Reached skill level 6 in Evocations
  6467 | D:8      | HP: 2/57 [wyvern skeleton (14)]
  6755 | D:8      | Noticed a two-headed ogre
  6796 | D:8      | Killed a two-headed ogre
  6797 | D:8      | Reached skill level 7 in Evocations
  7215 | D:8      | Found a white marble altar of Elyvilon.
  7386 | D:8      | Reached XP level 10. HP: 60/63 MP: 13/19
  8395 | D:9      | Reached skill level 8 in Evocations
  8801 | D:10     | Entered Level 10 of the Dungeon
  8911 | D:10     | Reached skill level 9 in Evocations
  8918 | D:10     | Slain by a wolf

Illustrated notes

Levels and vault maps discovered:
D:1:      nzn_arrival_water_spiral, layout_basic, hex_intersection
D:2:      layout_loops_ring, nicolae_overflow_hidden_temple, uniq_terence,
          uniq_jessica
D:3:      layout_rooms
D:4:      layout_cave_pools
D:5:      layout_basic, lemuel_blue_sif_altar, minmay_temple_entry_stoned_glass
D:6:      layout_basic, grunt_temple_overflow_open,
          gammafunk_ghost_nasty_kobolds
D:7:      layout_basic, kennysheep_little_box
D:8:      layout_basic, elyvilon_altar_4
D:9:      layout_roguey, minmay_variable_closet
D:10:     layout_gridville, erik_lair_island, minmay_hedge_maze, uniq_erica
Temple:   eino_wide_crystal_templ

Skill      XL: |  1  2  3  4  5  6  7  8  9 10 |
---------------+-------------------------------+-----
Spellcasting   | 3 4 5 6 |  6.0
Ice Magic      | 4 5 6 7 8 |  8.0
Summonings     | 1 3 5 |  5.0
Evocations     | 1 4 7 9 |  9.0
Dodging        | |  1.5
Stealth        | |  1.5

Action                   |  1- 3 |  4- 6 |  7- 9 | 10-12 || total
-------------------------+-------+-------+-------+-------++-------
Melee: Club              |    29 |    35 |       |       ||    64
       Unarmed           |     1 |       |       |       ||     1
       Quarterstaff      |       |     8 |   115 |    63 ||   186
 Cast: Freeze            |    34 |     8 |       |       ||    42
       Frozen Ramparts   |     2 |    19 |    39 |    15 ||    75
       Summon Ice Beast  |       |       |     7 |     8 ||    15
       Ozocubu's Armour  |       |       |     6 |    10 ||    16
 Abil: Evoke Invisibilit |       |       |     1 |       ||     1
Evoke: Wand              |       |       |     2 |     4 ||     6
  Use: Scroll            |       |       |     9 |     6 ||    15
 Stab: Sleeping          |     2 |       |     2 |     1 ||     5
       Invisible         |       |       |     2 |       ||     2
       Distracted        |       |       |     1 |       ||     1
Armor: Robe              |    15 |    12 |    29 |    17 ||    73
Dodge: Dodged            |    32 |    52 |   100 |    55 ||   239

Table legend: (Time is in decaauts)
 A = Elapsed time spent in this place.
 B = Non-inter-level travel time spent in this place.
 C = Inter-level travel time spent in this place.
 D = Time resting spent in this place.
 E = Time spent auto-exploring this place.
 F = Levels seen in this place.
 G = Mean time per level.
                   A        B        C        D        E       F      G
               +--------+--------+--------+--------+--------+-----+--------+
         Total |   8996 |   8662 |    334 |   2207 |   4512 |  11 |  817.8 |
       Dungeon |   8927 |   8604 |    323 |   2207 |   4470 |  10 |  892.7 |
        Temple |     68 |     57 |     11 |      0 |     42 |   1 |   68.0 |
               +--------+--------+--------+--------+--------+-----+--------+

Top non-repeatable levels by time:
     D:8: 1498 daAuts
     D:7: 1094 daAuts
     D:9: 1086 daAuts
     D:6: 1034 daAuts
     D:2: 1034 daAuts
     D:4: 881 daAuts
     D:3: 761 daAuts
     D:1: 748 daAuts
     D:5: 669 daAuts
    D:10: 118 daAuts
  Temple: 68 daAuts
